 Dungeon Crawl Stone Soup version 0.30-b1-2-g02819fbbbe (webtiles) character file.

Game seed: 4912402943940792558

423493 ahpook the Prince of Secrets (level 23, -11/277 (288) HPs)
             Began as a Gnoll Reaver on Sept 15, 2023.
             Was a High Priest of Ashenzari.
             Mangled by a spriggan defender
             ... wielding a +1 demon whip of freezing
              (26 damage)
             ... on level 2 of the Depths on Sept 23, 2023.
             The game lasted 05:28:50 (48188 turns).

ahpook the Prince of Secrets (Gnoll Reaver)        Turns: 48188, Time: 05:28:51

HP:   -11/277 (288) AC: 20    Str: 27    XL:     23   Next: 41%
MP:   0/45          EV: 18    Int: 20    God:    Ashenzari [*****.]
Gold: 915           SH:  0    Dex: 18    Spells: 6/59 levels left

rFire   + + .        a - melded +5 rapier of the Esoteric Fallacy {elec, Alch, Bglg} (curse)
rCold   . . .        n - melded +2 shield of Resistance {rF++ rC++ Will++, Bglg, Cun} (curse)
rNeg    . . .        Q - melded +5 ring mail "Hamunaub" {rElec rF+}
rPois   +            P - melded +2 helmet of the Mantic Sky {Int+3, Fort, Alch} (curse)
rElec   .            T - melded +2 cloak of Ashenzari's Oracle {Stlth+, Elem, Melee} (curse)
rCorr   .            F - melded +2 pair of gloves of Star-Bound Wisdom {Bglg, Self} (curse)
SInv    +            w - melded +2 pair of boots of Ashenzari's Augurer {Melee, Fort} (curse)
Will    +....        U - amulet of the Fated Prison {Spirit Regen+ Str+4 Dex+3 Slay+2, Fort, Melee} (curse)
Stlth   +++++++      R - ring of the Unmoving One {AC+4, Fort, Self} (curse)
HPRegen 1.46/turn    t - ring "Esoteric Ordeal" {rC+, Elem, Cun} (curse)
MPRegen 0.29/turn

%: clarity, guardian spirit
@: short of breath, dragon-form, flying, studying 2 skills, lightly drained
A: dragon claw, dragon scales, breathe fire, flying, boosted hp, giant, (fangs
1), strong nose, distributed training, agile 1
}: 3/15 runes: decaying, silver, gossamer
a: Breathe Fire, End Transformation, Renounce Religion, Shatter the Chains


You were on level 2 of the Depths.
You worshipped Ashenzari.
Ashenzari was extremely pleased with you.
You were a fearsome dragon!
You visited 7 branches of the dungeon, and saw 36 of its levels.
You also visited: Bailey and Wizlab.

You collected 4885 gold pieces.
You spent 3970 gold pieces at shops.

Inventory:

Hand Weapons
 a - the cursed +5 rapier of the Esoteric Fallacy (melded) {elec, Alch, Bglg}
   (You found it on level 10 of the Dungeon)

   It has a curse which improves the following skills: Alchemy: Poison Magic and
   Transmutations.
   Beguiling: Conjurations, Hexes and Translocations.
 s - the +12 hand axe of an ossuary {flame, Contam rC+ Int+2}
   (You found it on level 3 of the Spider Nest)

   Int:       It affects your intelligence (+2).
   rC:        It protects you from cold.
   Contam:    It causes magical contamination when unequipped.
 L - the +27 heavy crossbow "Sniper" {heavy, Acc+∞ SInv}
   (You took it off an ironbound preserver on level 5 of the Vaults)

   Acc+∞: It never misses its target.
   SInv:      It lets you see invisible.
 X - a +5 demon trident of flaming
Missiles
 q - 26 boomerangs (quivered)
Armour
 e - +3 storm dragon scales {Bai Suzhen}
 j - the +7 chain mail of Too Many Cooks {+Inv Str+2}
   (You found it on level 5 of the Vaults)

   Str:       It affects your strength (+2).
   +Inv:      It lets you turn invisible.
 n - the cursed +2 shield of Resistance (melded) {rF++ rC++ Will++, Bglg, Cun}
   (You found it on level 1 of the Vaults)

   rF:        It greatly protects you from fire.
   rC:        It greatly protects you from cold.
   Will:      It greatly increases your willpower.
   It has a curse which improves the following skills: Beguiling: Conjurations,
   Hexes and Translocations.
   Cunning:   Dodging and Stealth.
 w - the cursed +2 pair of boots of Ashenzari's Augurer (melded) {Melee, Fort}
   (You found it on level 5 of the Vaults)

   It has a curse which improves the following skills: Melee Combat: Short
   Blades, Long Blades, Axes, Maces & Flails, Polearms, Staves and Unarmed
   Combat.
   Fortitude: Armour and Shields.
 F - the cursed +2 pair of gloves of Star-Bound Wisdom (melded) {Bglg, Self}
   (You found it on level 15 of the Dungeon)

   It has a curse which improves the following skills: Beguiling: Conjurations,
   Hexes and Translocations.
   Introspection: Fighting and Spellcasting.
 P - the cursed +2 helmet of the Mantic Sky (melded) {Int+3, Fort, Alch}
   (You found it on level 5 of the Lair of Beasts)

   It has a curse which improves the following skills: Fortitude: Armour and
   Shields.
   Alchemy:   Poison Magic and Transmutations.
 Q - the +5 ring mail "Hamunaub" (melded) {rElec rF+}
   (You found it on level 4 of the Spider Nest)

   rF:        It protects you from fire.
   rElec:     It insulates you from electricity.
 T - the cursed +2 cloak of Ashenzari's Oracle (melded) {Stlth+, Elem, Melee}
   (You found it on level 13 of the Dungeon)

   Stlth:     It makes you more stealthy.
   It has a curse which improves the following skills: Elements: Fire Magic, Ice
   Magic, Air Magic and Earth Magic.
   Melee Combat: Short Blades, Long Blades, Axes, Maces & Flails, Polearms,
   Staves and Unarmed Combat.
 W - the -2 hat of the Alchemist {rElec rPois rF+ rC+ rN+ Will+ rMut rCorr}
   (You found it in a wizard's laboratory)

   rF:        It protects you from fire.
   rC:        It protects you from cold.
   rElec:     It insulates you from electricity.
   rPois:     It protects you from poison.
   rN:        It protects you from negative energy.
   rCorr:     It protects you from acid and corrosion.
   rMut:      It protects you from mutation.
   Will:      It increases your willpower.
Jewellery
 t - the cursed ring "Esoteric Ordeal" (right foreclaw) {rC+, Elem, Cun}
   (You took it off an orc on level 3 of the Dungeon)

   [ring of protection from cold]

   rC:        It protects you from cold.
   It has a curse which improves the following skills: Elements: Fire Magic, Ice
   Magic, Air Magic and Earth Magic.
   Cunning:   Dodging and Stealth.
 v - a ring of flight
 N - the ring "Uwaosec" {rPois rF+ EV+5 Int+2}
   (You bought it in a shop on level 1 of the Depths)

   [ring of evasion]

   EV:        It affects your evasion (+5).
   Int:       It affects your intelligence (+2).
   rF:        It protects you from fire.
   rPois:     It protects you from poison.
 R - the cursed ring of the Unmoving One (left foreclaw) {AC+4, Fort, Self}
   (You found it on level 5 of the Lair of Beasts)

   [ring of protection]

   AC:        It affects your AC (+4).
   It has a curse which improves the following skills: Fortitude: Armour and
   Shields.
   Introspection: Fighting and Spellcasting.
 U - the cursed amulet of the Fated Prison (around neck) {Spirit Regen+ Str+4 Dex+3 Slay+2, Fort, Melee}
   (You found it on level 10 of the Dungeon)

   [amulet of guardian spirit]

   It causes incoming damage to be divided between your reserves of health and
   magic.
   Str:       It affects your strength (+4).
   Dex:       It affects your dexterity (+3).
   Slay:      It affects your accuracy & damage with ranged weapons and melee
   (+2).
   Regen:     It increases your rate of health regeneration.
   It has a curse which improves the following skills: Fortitude: Armour and
   Shields.
   Melee Combat: Short Blades, Long Blades, Axes, Maces & Flails, Polearms,
   Staves and Unarmed Combat.
Wands
 x - a wand of quicksilver (7)
 y - a wand of paralysis (25)
 z - a wand of digging (32)
 B - a wand of mindburst (8)
 Z - a wand of roots (29)
Scrolls
 b - 3 scrolls of enchant armour
 c - 3 scrolls of silence
 d - 16 scrolls of teleportation
 g - 3 scrolls of fear
 l - 7 scrolls of poison
 p - a scroll of enchant weapon
 r - 6 scrolls of magic mapping
 u - 8 scrolls of fog
 I - a scroll of blinking
 K - 2 scrolls of amnesia
 V - 2 scrolls of brand weapon
Potions
 f - 2 potions of magic
 h - 4 potions of brilliance
 i - 15 potions of curing
 m - 9 potions of lignification
 o - 4 potions of might
 A - 3 potions of berserk rage
 C - 8 potions of cancellation
 D - 13 potions of ambrosia
 E - 8 potions of attraction
 H - 4 potions of haste
 J - 3 potions of flight
 M - a potion of invisibility
 O - a potion of resistance
 Y - 14 potions of mutation
Miscellaneous
 k - a lightning rod (4/4)
 G - a condenser vane (inert)
 S - a phantom mirror


   Skills:
 + Level 16.8(18.8) Fighting
 + Level 17.3(19.3) Short Blades
 + Level 16.6(18.6) Long Blades
 + Level 16.2(18.2) Axes
 + Level 16.2(18.2) Maces & Flails
 + Level 16.2(18.2) Polearms
 + Level 16.2(18.2) Staves
 + Level 16.2 Ranged Weapons
 + Level 16.2 Throwing
 + Level 16.2(19.2) Armour
 + Level 16.8(18.8) Dodging
 + Level 17.0(19.0) Stealth
 + Level 16.2(19.2) Shields
 + Level 16.2(18.2) Unarmed Combat
 + Level 16.9(18.9) Spellcasting
 + Level 14.8 Conjurations
 + Level 13.8 Hexes
 + Level 13.8 Summonings
 + Level 13.8 Necromancy
 + Level 13.8 Translocations
 + Level 13.8 Transmutations
 + Level 13.8(15.9) Fire Magic
 + Level 13.8(15.9) Ice Magic
 + Level 13.8(15.9) Air Magic
 + Level 13.8(15.9) Earth Magic
 + Level 13.8 Poison Magic
 + Level 17.6 Invocations
 + Level 16.2 Evocations


You had 6 spell levels left.
You knew the following spells:

 Your Spells              Type           Power      Damage    Failure   Level
a - Kiss of Death         Conj/Necr      100%       2d13      0%          1
b - Momentum Strike       Conj/Tloc      100%       3d10      0%          2
c - Ensorcelled Hibernat  Hex/Ice        100%       N/A       0%          2
d - Swiftness             Air            70%        N/A       0%          3
e - Hailstorm             Conj/Ice       69%        3d14      0%          3
f - Passwall              Tmut/Erth      56%        N/A       0%          2
g - Ignite Poison         Fire/Tmut/Pois 67%        N/A       1%          3
h - Sting                 Tmut/Pois      100%       1d8       0%          1
i - Freezing Cloud        Conj/Ice/Air   34%        6-21      1%          5
j - Airstrike             Air            35%        2d(5-21)  1%          4
k - Tukima's Dance        Hex            65%        N/A       1%          3
l - Summon Lightning Spi  Summ/Air       68%        N/A       1%          4
m - Call Canine Familiar  Summ           65%        N/A       1%          3
n - Animate Dead          Necr           65%        N/A       1%          4
o - Statue Form           Tmut/Erth      45%        N/A       1%          6
p - Dragon Form           Tmut           32%        N/A       9%          7

Your spell library contained the following spells:

 Spells                   Type           Power      Damage    Failure   Level
 Apportation              Tloc           100%       N/A       0%          1
 Beastly Appendage        Tmut           100%       N/A       0%          1
 Freeze                   Ice            100%       1d10      0%          1
 Magic Dart               Conj           100%       1d8       0%          1
 Necrotise                Necr           100%       1d9       0%          1
 Summon Small Mammal      Summ           100%       N/A       0%          1
 Cigotuvi's Dreadful Rot  Necr/Pois/Air  100%       N/A       0%          2
 Searing Ray              Conj           100%       2d8       0%          2
 Static Discharge         Conj/Air       100%       2-7/arc   0%          2
 Frozen Ramparts          Ice            100%       1d16      0%          3
 Ozocubu's Armour         Ice            70%        N/A       0%          3
 Gell's Gravitas          Tloc           65%        N/A       1%          3
 Portal Projectile        Hex/Tloc       100%       N/A       1%          3
 Teleport Other           Tloc           65%        N/A       1%          3
 Vampiric Draining        Necr           65%        2d10      1%          3
 Cause Fear               Hex            32%        N/A       1%          4
 Dispel Undead            Necr           65%        3d22      1%          4
 Fulminant Prism          Conj/Hex       33%        3d16      1%          4
 Leda's Liquefaction      Hex/Erth       34%        N/A       1%          4
 Manifold Assault         Tloc           65%        N/A       1%          4
 Passage of Golubria      Tloc           65%        N/A       1%          4
 Petrify                  Tmut/Erth      68%        N/A       1%          4
 Arcjolt                  Conj/Air       34%        1d44      1%          5
 Blade Hands              Tmut           32%        N/A       1%          5
 Irradiate                Conj/Tmut      33%        3d22      1%          5
 Lee's Rapid Deconstruct  Erth           35%        3d18*     1%          5
 Metabolic Englaciation   Hex/Ice        34%        N/A       1%          5
 Silence                  Hex/Air        34%        N/A       1%          5
 Conjure Ball Lightning   Conj/Air       34%        3x3d11    1%          6
 Dispersal                Tloc           32%        N/A       1%          6
 Plasma Beam              Fire/Air       35%        2x1d53    1%          6
 Simulacrum               Ice/Necr       34%        N/A       1%          6
 Haunt                    Necr/Summ      32%        N/A       9%          7
 Ignition                 Fire           35%        3d11      26%         8
 Lehudib's Crystal Spear  Conj/Erth      34%        10d9      34%         8
 Discord                  Hex            32%        N/A       54%         8
 Disjunction              Tloc           32%        N/A       54%         8
 Infestation              Necr           32%        N/A       54%         8
 Necromutation            Tmut/Necr      32%        N/A       54%         8


Dungeon Overview and Level Annotations

Branches:
Dungeon (15/15)            Temple (0/1) D:4            Lair (5/5) D:10
  Swamp (4/4) Lair:3       Spider (4/4) Lair:3        Slime (0/5) Lair:4
 Vaults (5/5) D:14          Crypt (1/3) Vaults:2     Depths (2/4) D:15
 Bailey (visited)          WizLab (visited)
    Orc: D:9-12

Altars:
Ashenzari
Cheibriados
Elyvilon
Kikubaaqudgha
Makhleb
Okawaru
Ru
Sif Muna
Trog
Vehumet
Xom
Yredelemnul
Zin
Jiyva

Shops:
D:7 [   Vaults:4 !   Depths:1 :=[::

Portals:
Hell: Depths:1
Pandemonium: Depths:2
Ziggurat: Depths:1

Annotations:
D:3 2 transporters, dragonscale333's ghost, amateur DsIE
Swamp:4 3 runed translucent doors, Ecsuri's ghost, adept DEFE; PanSaczeczos's ghost, adept SpEE; Ykec Esm's ghost, journeyman DrWn; Ypsiuj's ghost, adept GnSk; reggie's ghost, journeyman DrHW
Depths:1 exclusion: great orb of eyes


Innate Abilities, Weirdness & Mutations

You are a fearsome dragon!
You have a powerful clawing attack.
Your giant scaled body is strong and resiliant, but less evasive.
You can breathe fire.
You are flying.
Your maximum health is greatly increased.
Your armour is entirely melded.
You are incapable of wielding weapons or throwing items.
((You have very sharp teeth.))
Your uncanny sense of smell can sniff out nearby items.
Your experience applies equally to all skills.
You are agile. (Dex +4, Str/Int -1)


Message History

* * * LOW HITPOINT WARNING * * *
The iron troll claws you but does no damage.
The iron troll claws you!
* * * LOW HITPOINT WARNING * * *
Blink to where?
Press: ? - help, Dir - move target
As you read the scroll of blinking, it crumbles to dust.
You feel sick.
You feel sick.
Casting: Summon Lightning Spire (safe; 1% risk of failure)
Confirm with . or Enter, or press ? or * to list all spells.
Okay, then.
You feel sick.
You are no longer poisoned.
Aiming: Breathe Fire (0% risk of failure)
Press: ? - help, Shift-Dir - straight line You breathe a blast of fire.
The fiery breath misses the spriggan defender.
Casting: Summon Lightning Spire (safe; 1% risk of failure)
Confirm with . or Enter, or press ? or * to list all spells.
Aiming: Momentum Strike (safe; 0% risk of failure)
Press: ? - help, Dir - move target, f - spriggan defender
Aim: a spriggan defender, wielding a +1 demon whip of freezing, wearing a +0 robe and wearing a +0 buckler (45% to hit)
Okay, then.
The spriggan rider hits you from afar with a +0 spear.
* * * LOW HITPOINT WARNING * * *
The spriggan defender completely misses you.
As you read the scroll of fear, it crumbles to dust.
You assume a fearsome visage.
The iron troll easily resists.
The iron troll resists with almost no effort.
The ice dragon looks frightened!
The spriggan defender resists with almost no effort.
The spriggan rider looks frightened! x3
You feel yourself speed up.
The spriggan defender hits you with a +1 demon whip of freezing.
* * * LOW HITPOINT WARNING * * *
The spriggan defender freezes you.
* * * LOW HITPOINT WARNING * * *
The spriggan defender hits you with a +1 demon whip of freezing!!
You die...

.......#, ............# ~ ,, ,,
.....~.........~~~....#, ,,,
......~~.......≈≈~....#.~....,,
≈~....~~.......≈≈~...#*......*
~~.............~≈~...###....#
~~.....#......~~~~..........##
...................i....#..i.##
#.......≈~~.....i...i...#.i{i.##
........~~~.....D...T..T.#[....#
........~.................T§...#
~....................D.......8##
~.......<.....................#
~.#........!......>...........#
~.#...........##..............#
.......).#.#.##...............#
.~~..........###....#.....#####
.~~...........#....###..###


You could see an ice dragon (fleeing), 2 iron trolls, a spriggan defender and 2
spriggan riders.

Vanquished Creatures
  2 dread liches (Vaults:5)
  An ancient lich (Vaults:5)
  Bai Suzhen (Vaults:5)
  A shard shrike (shapeshifter) (Vaults:5)
  Saint Roka (Vaults:5)
  A golden dragon (Vaults:5)
  A mutant beast (WizLab)
  3 tentacled monstrosities
  Jorgrun (D:13)
  Rupert (D:13)
  3 liches
  An ancient champion (Vaults:2)
  2 sphinxes
  Frances (D:13)
  Gastronok (D:12)
  A thorn hunter (Swamp:1)
  5 tengu reavers
  A storm dragon (Vaults:5)
  3 shadow dragons (Vaults:5)
  6 fire giants
  7 ghost moths
  An orc warlord (Vaults:3)
  24 vault wardens
  3 frost giants
  A ghoul (Vaults:2)
  A cacodemon (D:13)
  A broodmother (Spider:2)
  2 war gargoyles
  A reaper (Vaults:2)
  6 ironbound thunderhulks
  5 stone giants
  19 very ugly things
  14 ironbound preservers
  The ghost of Amet the Severer, a journeyman MiBe of Trog (Swamp:2)
  2 eleionomae
  The ghost of PanSaczeczos the Spry, an adept SpHs of Hepliaklqana (Swamp:1)
  Nessos (D:12)
  4 dire elephants (Vaults:1)
  A deep elf demonologist (Vaults:3)
  The ghost of Kokhlaf the Eclecticist, a journeyman DECj of Kikubaaqudgha (D:13)
  8 spark wasps
  2 bunyips
  A deep elf death mage (Vaults:2)
  5 fire dragons
  7 ettins
  4 deep elf high priests (Vaults:5)
  9 entropy weavers
  2 shambling mangroves (Swamp:3)
  3 great orbs of eyes
  A spectral fenstrider witch (Swamp:2)
  5 rakshasas
  5 ice dragons
  16 yaktaur captains
  2 spriggan air magi
  A great orb of eyes (shapeshifter) (WizLab)
  14 hydras
  An ogre mage (Vaults:5)
  3 radroaches
  2 ghost crabs
  A peacekeeper (Vaults:4)
  33 vault guards
  5 jorogumos (Spider:4)
  A juggernaut simulacrum (Depths:1)
  8 ironbound frosthearts
  A catoblepas (Lair:5)
  9 centaur warriors
  4 deep troll shamans
  2 tengu warriors
  5 boulder beetles
  5 alligators
  9 two-headed ogres
  A death scarab (Spider:3)
  3 deep troll earth magi
  A spriggan berserker (Depths:2)
  6 death yaks
  Urug (D:13)
  4 deep elf knights
  8 hell knights
  A fire crab (Swamp:4)
  9 goliath frogs
  A skeletal warrior (D:14)
  3 pharaoh ants
  2 iron trolls
  A salamander mystic (Depths:1)
  A skyshark (Lair:4)
  A spectral spriggan (Swamp:2)
  3 sun moths
  2 glowing orange brains
  7 orb spiders
  A glowing orange brain (shapeshifter) (Vaults:4)
  2 fenstrider witch simulacra (Swamp:2)
  33 deep trolls
  4 wizards
  3 bog bodies
  4 phantasmal warriors
  A tengu zombie (Depths:1)
  11 lindwurms
  2 swamp dragons (Swamp:4)
  A deep elf archer (Vaults:5)
  21 ironbound convokers
  Pikel (D:5)
  7 orc knights
  3 harpies (Vaults:1)
  8 necromancers
  7 large abominations (WizLab)
  3 deep elf pyromancers
  A deep elf zephyrmancer (Vaults:5)
  A shining eye (shapeshifter) (D:13)
  4 steelbarb worms
  18 wolf spiders
  A cyclops (shapeshifter) (Vaults:5)
  An orc sorcerer (D:15)
  33 ugly things
  A fire giant zombie (Vaults:5)
  A faun (shapeshifter) (WizLab)
  5 manticores
  An oklob plant (Lair:3)
  3 moths of wrath (Spider:1)
  3 will-o-the-wisps
  2 salamanders (Depths:1)
  An elephant (shapeshifter) (Vaults:5)
  42 slime creatures
  A black mamba (shapeshifter) (WizLab)
  22 elephants
  11 demonic crawlers
  5 black mambas
  A molten gargoyle (D:14)
  2 guardian serpents (shapeshifter) (WizLab)
  12 torpor snails
  18 vault sentinels
  14 cane toads
  An unseen horror (shapeshifter) (WizLab)
  A gargoyle (D:11)
  A komodo dragon (shapeshifter) (WizLab)
  2 efreet
  2 unseen horrors
  34 yaktaurs
  2 kobold demonologists
  6 rime drakes
  9 komodo dragons
  A tengu conjurer (Depths:1)
  A freezing wraith (Vaults:4)
  A rime drake (shapeshifter) (WizLab)
  3 human zombies (Vaults:5)
  2 queen bees (shapeshifter) (WizLab)
  A polar bear (Lair:5)
  3 meliai
  A meliai (shapeshifter) (WizLab)
  4 trolls
  15 tyrant leeches
  11 blink frogs (Lair:5)
  2 wind drakes (shapeshifter)
  A hornet (shapeshifter) (WizLab)
  11 hornets
  22 tarantellas
  Prince Ribbit (D:7)
  2 raiju (shapeshifter) (WizLab)
  A slime creature (shapeshifter) (WizLab)
  6 dream sheep (Lair:5)
  A frost giant simulacrum (Depths:1)
  6 small abominations (WizLab)
  19 jumping spiders
  A centaur simulacrum (D:15)
  Sigmund (D:4)
  A shadow (D:11)
  4 wraiths
  12 spriggans
  4 hogs (shapeshifter)
  3 vampires
  7 wyverns
  23 culicivoras
  A spriggan (shapeshifter) (WizLab)
  2 steam dragons (Swamp:4)
  A fire elemental (Swamp:4)
  8 basilisks
  2 water elementals (Depths:2)
  2 yaks (shapeshifter) (WizLab)
  A golden eye (shapeshifter) (WizLab)
  A basilisk (shapeshifter) (D:13)
  47 yaks
  47 redbacks
  A steam dragon (shapeshifter) (WizLab)
  2 neqoxecs (D:13)
  12 vampire mosquitoes
  An iron golem (WizLab)
  A naga (shapeshifter) (Vaults:5)
  An acid dragon (D:13)
  2 wargs (Vaults:5)
  14 swamp worms
  3 deep troll zombies
  11 water moccasins
  4 floating eyes (WizLab)
  2 black bears (D:4)
  15 orc warriors
  8 swamp drakes (Swamp:4)
  4 spriggan simulacra
  6 wolves (Lair:3)
  3 boggarts (D:15)
  3 ogres
  A tengu (shapeshifter) (WizLab)
  10 centaurs
  A phantom (D:5)
  10 bullfrogs
  A gnoll sergeant (D:5)
  9 kobold brigands
  A yaktaur zombie (Vaults:4)
  5 scorpions (Lair:3)
  10 wights (D:10)
  27 killer bees
  A howler monkey (D:10)
  3 electric eels
  3 lava snakes (D:14)
  3 jellies
  5 orc priests
  2 gnoll boudas
  4 hounds
  4 iguanas
  14 orc wizards
  7 hell rats (Lair:5)
  8 adders
  3 gnolls (D:5)
  A white imp (D:7)
  An orc zombie (Vaults:5)
  3 worms
  2 dart slugs
  66 orcs
  11 endoplasms
  4 giant cockroaches
  6 goblins
  7 hobgoblins
  6 jackals
  25 kobolds
  3 quokkas
  8 ball pythons
  8 bats
  6 frilled lizards
  5 rats
  A fire vortex (Swamp:4)
1407 creatures vanquished.

Vanquished Creatures (collateral kills)
  A golden dragon (Vaults:5)
  Arachne (Spider:4)
  A tentacled monstrosity (Vaults:5)
  A quicksilver dragon (Vaults:5)
  A shadow dragon (Vaults:5)
  A fenstrider witch (shapeshifter) (Vaults:5)
  2 fenstrider witches (Swamp:4)
  A ghost moth (Spider:4)
  A frost giant (Vaults:5)
  An emperor scorpion (Spider:4)
  3 vault wardens
  4 ironbound preservers
  2 ironbound thunderhulks
  7 very ugly things
  2 stone giants (Vaults:5)
  2 deep elf annihilators (Vaults:5)
  A bunyip (Swamp:4)
  2 deep elf death magi (Vaults:5)
  A fire dragon (Swamp:4)
  An entropy weaver (Vaults:5)
  A jiangshi (Vaults:2)
  A deep elf high priest (Vaults:5)
  A great orb of eyes (Vaults:5)
  2 spectral fenstrider witches (Swamp:2)
  A yaktaur captain (Vaults:4)
  3 hydras (Swamp:4)
  A ghost crab (Swamp:3)
  An ogre mage (Vaults:1)
  A radroach (Spider:4)
  6 vault guards (Vaults:5)
  3 centaur warriors
  3 ironbound frosthearts
  2 deep troll earth magi (Depths:1)
  2 skeletal warriors (D:14)
  2 pharaoh ants
  2 swamp dragons (Swamp:4)
  A flayed ghost (Vaults:5)
  2 orb spiders
  2 deep elf archers (Vaults:5)
  12 deep trolls
  2 bog bodies
  An ugly thing zombie (WizLab)
  A steelbarb worm (Spider:1)
  An orc knight (D:15)
  2 harpies (Vaults:1)
  A harpy (shapeshifter) (Vaults:5)
  A lindwurm (Swamp:4)
  A phantasmal warrior (Vaults:5)
  A spectral spriggan (Swamp:2)
  6 wolf spiders (Spider:4)
  2 cyclopes (D:14)
  An ugly thing (D:14)
  A vault sentinel (Vaults:5)
  4 demonic crawlers
  A torpor snail (Spider:1)
  A komodo dragon (shapeshifter) (D:13)
  A freezing wraith (Vaults:5)
  A redback zombie (Spider:3)
  6 yaktaurs
  3 meliai
  A polar bear (shapeshifter) (D:13)
  A queen bee (D:12)
  A hornet (Swamp:3)
  6 tarantellas
  7 jumping spiders
  2 culicivoras
  2 slime creatures (Vaults:1)
  A human (shapeshifter) (D:13)
  15 redbacks
  A neqoxec (D:13)
  An orc warrior (D:15)
  A black bear (shapeshifter) (WizLab)
  An ogre (Vaults:5)
  4 killer bees (D:12)
  An orc wizard (D:15)
  2 orcs (D:15)
  A ball python (shapeshifter) (Vaults:5)
171 creatures vanquished.

Vanquished Creatures (others)
  A yaktaur captain (Vaults:5)
  A hydra (Swamp:4)
  A storm dragon zombie (Vaults:5)
  A golden dragon zombie (Vaults:5)
  3 ogre zombies
  A swamp dragon (Swamp:4)
  4 wolf spider zombies
  A shadow dragon zombie (Vaults:5)
  2 ugly thing zombies (WizLab)
  A stone giant zombie (Vaults:5)
  3 elf zombies (Vaults:5)
  A centaur zombie (Vaults:4)
  5 redback zombies
  4 bloated husks
  A tyrant leech (Swamp:3)
  A sun moth zombie (Spider:4)
  An ettin zombie (Vaults:5)
  3 jumping spider zombies
  4 tarantella zombies
  3 culicivora zombies
  A wind drake zombie (Vaults:5)
  A basilisk (shapeshifter) (WizLab)
  4 deep troll zombies
  A two-headed ogre zombie (Vaults:5)
  An entropy weaver zombie (Vaults:5)
  3 swamp drakes (Swamp:4)
  33 human zombies
  8 yaktaur zombies
  2 warg zombies (Vaults:5)
  A ball python zombie (Vaults:5)
  3 orc zombies (Vaults:5)
  A bush (Lair:5)
  12 foxfires
  50 fungi
  51 plants
214 creatures vanquished.

Grand Total: 1792 creatures vanquished

Notes
Turn   | Place    | Note
-------+----------+-------------------------------------------
     0 | D:1      | ahpook the Gnoll Reaver began the quest for the Orb.
     0 | D:1      | Reached XP level 1. HP: 20/20 MP: 6/6
   151 | D:1      | Reached XP level 2. HP: 17/26 MP: 7/7
   618 | D:1      | Reached skill level 5 in Spellcasting
   618 | D:1      | Reached XP level 3. HP: 31/31 MP: 7/9
   711 | D:1      | Learned a level 2 spell: Momentum Strike
   714 | D:1      | Learned a level 2 spell: Ensorcelled Hibernation
   798 | D:1      | Reached skill level 1 in Invocations
   889 | D:1      | Found a faded altar of an unknown god.
   902 | D:1      | Prayed at the altar of an unknown god.
   902 | D:1      | Became a worshipper of Ashenzari the Shackled
   962 | D:2      | Reached skill level 1 in Long Blades
   962 | D:2      | Reached skill level 1 in Axes
   962 | D:2      | Reached skill level 1 in Maces & Flails
   962 | D:2      | Reached skill level 1 in Polearms
   962 | D:2      | Reached skill level 1 in Staves
   962 | D:2      | Reached skill level 1 in Ranged Weapons
   962 | D:2      | Reached skill level 1 in Throwing
   962 | D:2      | Reached skill level 1 in Armour
   962 | D:2      | Reached skill level 1 in Stealth
   962 | D:2      | Reached skill level 1 in Shields
   962 | D:2      | Reached skill level 1 in Unarmed Combat
   962 | D:2      | Reached skill level 1 in Evocations
  1092 | D:2      | Reached XP level 4. HP: 38/38 MP: 8/11
  1153 | D:2      | Learned a level 3 spell: Swiftness
  1514 | D:3      | Found an ancient bone altar of Kikubaaqudgha.
  1517 | D:3      | Reached * piety under Ashenzari
  1608 | D:3      | Found Zin's Purification Station.
  1608 | D:3      | Found a glowing silver altar of Zin.
  1638 | D:3      | Reached skill level 1 in Hexes
  1638 | D:3      | Reached skill level 1 in Summonings
  1638 | D:3      | Reached skill level 1 in Necromancy
  1638 | D:3      | Reached skill level 1 in Translocations
  1638 | D:3      | Reached skill level 1 in Transmutations
  1638 | D:3      | Reached skill level 1 in Fire Magic
  1638 | D:3      | Reached skill level 1 in Ice Magic
  1638 | D:3      | Reached skill level 1 in Air Magic
  1638 | D:3      | Reached skill level 1 in Earth Magic
  1638 | D:3      | Reached skill level 1 in Poison Magic
  1751 | D:3      | Bought a potion of curing for 90 gold pieces
  1775 | D:3      | Found a transporter.
  1780 | D:3      | Identified the +5 halberd "Ruacal" {pain, rElec rC+ Int-2}
  1840 | D:3      | Reached XP level 5. HP: 25/40 MP: 11/13
  2142 | D:3      | Noticed dragonscale333's ghost (amateur DsIE)
  2156 | D:3      | Found a transporter.
  2162 | D:3      | Identified the +1 ring mail of the Earth {rF+ rC- Will+}
  2355 | D:3      | Found a bloodstained altar of Trog.
  2512 | D:3      | Found a broken altar of Ashenzari.
  2542 | D:3      | Reached skill level 5 in Invocations
  2542 | D:3      | Reached XP level 6. HP: 51/51 MP: 13/16
  2793 | D:4      | Found a burning altar of Makhleb.
  2795 | D:4      | Found a sacrificial altar of Ru.
  2803 | D:4      | Reached ** piety under Ashenzari
  2810 | D:4      | Learned a level 3 spell: Hailstorm
  2813 | D:4      | Learned a level 2 spell: Passwall
  2837 | D:4      | Noticed a black bear
  2843 | D:4      | Killed a black bear
  2885 | D:4      | Noticed a black bear
  2986 | D:4      | Reached XP level 7. HP: 38/56 MP: 12/18
  3261 | D:4      | Found a staircase to the Ecumenical Temple.
  3299 | D:4      | Noticed Sigmund
  3310 | D:4      | Killed Sigmund
  3311 | D:4      | Reached skill level 5 in Long Blades
  3311 | D:4      | Reached skill level 5 in Axes
  3311 | D:4      | Reached skill level 5 in Maces & Flails
  3311 | D:4      | Reached skill level 5 in Polearms
  3311 | D:4      | Reached skill level 5 in Staves
  3311 | D:4      | Reached skill level 5 in Ranged Weapons
  3311 | D:4      | Reached skill level 5 in Throwing
  3311 | D:4      | Reached skill level 5 in Armour
  3311 | D:4      | Reached skill level 5 in Stealth
  3311 | D:4      | Reached skill level 5 in Shields
  3311 | D:4      | Reached skill level 5 in Unarmed Combat
  3311 | D:4      | Reached skill level 5 in Evocations
  3515 | D:4      | Found a basalt altar of Yredelemnul.
  3679 | D:4      | Found a white marble altar of Elyvilon.
  3852 | D:5      | Entered Level 5 of the Dungeon
  3878 | D:5      | Reached XP level 8. HP: 66/67 MP: 20/20
  4115 | D:5      | Found a shimmering altar of Xom.
  4433 | D:5      | Noticed Pikel
  4630 | D:6      | Identified a scroll of acquirement
  4657 | D:6      | Acquired the Omnibus of Therianthropy and the Tempest
  4665 | D:6      | Learned a level 3 spell: Ignite Poison
  4723 | D:6      | Reached *** piety under Ashenzari
  4954 | D:7      | Identified the +0 ring mail of the Cricket {rPois Regen+}
  5009 | D:7      | Found a flagged portal.
  5175 | Bailey   | Entered a bailey
  5187 | Bailey   | Reached XP level 9. HP: 63/75 MP: 9/22
  5282 | Bailey   | Learned a level 1 spell: Sting
  5405 | Bailey   | Noticed an orc knight
  5406 | Bailey   | Reached skill level 5 in Hexes
  5406 | Bailey   | Reached skill level 5 in Summonings
  5406 | Bailey   | Reached skill level 5 in Necromancy
  5406 | Bailey   | Reached skill level 5 in Translocations
  5406 | Bailey   | Reached skill level 5 in Transmutations
  5406 | Bailey   | Reached skill level 5 in Fire Magic
  5406 | Bailey   | Reached skill level 5 in Ice Magic
  5406 | Bailey   | Reached skill level 5 in Air Magic
  5406 | Bailey   | Reached skill level 5 in Earth Magic
  5406 | Bailey   | Reached skill level 5 in Poison Magic
  5406 | Bailey   | Reached XP level 10. HP: 85/85 MP: 22/24
  5445 | Bailey   | Killed an orc knight
  5449 | Bailey   | HP: 3/68 [orc warrior/+0 glaive (19)]
  5470 | Bailey   | Noticed an orc knight
  5545 | Bailey   | Killed an orc knight
  6005 | D:7      | Found a snail-covered altar of Cheibriados.
  6086 | D:7      | Noticed Prince Ribbit
  6091 | D:7      | Killed Prince Ribbit
  6249 | D:7      | Found a snail-covered altar of Cheibriados.
  6251 | D:7      | Found Cheibriados's Comfort Zone.
  6914 | D:5      | Killed Pikel
  7314 | D:8      | Reached XP level 11. HP: 92/92 MP: 17/25
  7578 | D:8      | Reached **** piety under Ashenzari
  7909 | D:9      | Noticed a cyclops
  7913 | D:10     | Entered Level 10 of the Dungeon
  7923 | D:10     | Found a staircase to the Lair.
  7997 | D:10     | Learned a level 5 spell: Freezing Cloud
  8391 | D:10     | Noticed a deep elf knight
  8391 | D:10     | Identified the +2 longbow of Prudence {heavy, +Blink Will+}
  8391 | D:10     | Identified the amulet of Ryigomilur {Spirit Regen+ Str+4
                  | Dex+3 Slay+2}
  8398 | D:10     | Identified the +4 long sword of Resourcefulness {antimagic,
                  | rC+}
  8399 | D:10     | Killed a deep elf knight
  8474 | D:10     | Noticed a manticore
  8483 | D:10     | Killed a manticore
  8527 | D:10     | Noticed a two-headed ogre
  8534 | D:10     | Killed a two-headed ogre
  8535 | D:10     | Reached skill level 10 in Short Blades
  8656 | D:10     | Noticed a two-headed ogre
  8723 | D:10     | Killed a two-headed ogre
  9066 | D:10     | Found an iron altar of Okawaru.
  9120 | D:10     | Found a radiant altar of Vehumet.
  9292 | Lair:1   | Entered Level 1 of the Lair of Beasts
  9452 | Lair:1   | Identified the +5 spear of Extremism {venom, Dex+3}
  9475 | Lair:1   | Reached XP level 12. HP: 99/99 MP: 27/27
  9892 | Lair:1   | Noticed a boulder beetle
  9900 | Lair:1   | Killed a boulder beetle
 11306 | Lair:3   | Found a staircase to the Swamp.
 11313 | Lair:3   | Reached XP level 13. HP: 106/106 MP: 13/28
 11435 | Lair:3   | Reached skill level 10 in Spellcasting
 11617 | Lair:3   | Found a hole to the Spider Nest.
 11867 | Lair:3   | Found a shimmering blue altar of Sif Muna.
 12524 | Lair:4   | Found a staircase to the Slime Pits.
 12528 | Lair:4   | Found a viscous altar of Jiyva.
 12726 | Lair:4   | Reached skill level 10 in Fighting
 12726 | Lair:4   | Reached skill level 10 in Dodging
 13872 | Lair:5   | Entered Level 5 of the Lair of Beasts
 13880 | Lair:4   | Learned a level 4 spell: Airstrike
 13884 | Lair:4   | Learned a level 3 spell: Tukima's Dance
 14063 | Lair:5   | Reached skill level 10 in Invocations
 14642 | Lair:5   | Reached XP level 14. HP: 108/115 MP: 16/30
 15647 | Lair:5   | Found a runed translucent door.
 16451 | Lair:5   | Reached skill level 10 in Conjurations
 16595 | Lair:5   | Reached skill level 10 in Long Blades
 16595 | Lair:5   | Reached skill level 10 in Axes
 16595 | Lair:5   | Reached skill level 10 in Maces & Flails
 16595 | Lair:5   | Reached skill level 10 in Polearms
 16595 | Lair:5   | Reached skill level 10 in Staves
 16595 | Lair:5   | Reached skill level 10 in Ranged Weapons
 16595 | Lair:5   | Reached skill level 10 in Throwing
 16595 | Lair:5   | Reached skill level 10 in Armour
 16595 | Lair:5   | Reached skill level 10 in Stealth
 16595 | Lair:5   | Reached skill level 10 in Shields
 16595 | Lair:5   | Reached skill level 10 in Unarmed Combat
 16595 | Lair:5   | Reached skill level 10 in Evocations
 16879 | Lair:5   | Identified the amulet "Siuplami" {Faith Int+2}
 17215 | Lair:1   | Reached ***** piety under Ashenzari
 17243 | Lair:1   | Gained mutation: Your body sometimes deteriorates upon
                  | taking damage. [potion of mutation]
 17243 | Lair:1   | Gained mutation: You are vulnerable to heat. (rF-) [potion
                  | of mutation]
 17243 | Lair:1   | Gained mutation: You are occasionally teleported next to
                  | monsters. [potion of mutation]
 17246 | Lair:1   | Lost mutation: Your body sometimes deteriorates upon taking
                  | damage. [potion of mutation]
 17246 | Lair:1   | Lost mutation: You are occasionally teleported next to
                  | monsters. [potion of mutation]
 17246 | Lair:1   | Gained mutation: You are partially covered in iridescent
                  | scales. (AC +2) [potion of mutation]
 17246 | Lair:1   | Gained mutation: You occasionally lose the ability to read
                  | scrolls when taking damage. [potion of mutation]
 17727 | D:11     | Identified the ring "Muofriqo" {Fire Stlth+}
 17903 | D:11     | Reached XP level 15. HP: 123/123 MP: 26/32
 18662 | D:12     | Learned a level 4 spell: Summon Lightning Spire
 18880 | D:12     | Noticed Nessos
 18884 | D:12     | Killed Nessos
 19056 | D:12     | Noticed Gastronok
 19068 | D:12     | Killed Gastronok
 20008 | D:13     | Noticed Frances
 20010 | D:13     | Killed Frances
 20081 | D:13     | Noticed Urug
 20084 | D:13     | Killed Urug
 20098 | D:13     | Found a runed translucent gate.
 20098 | D:13     | Found a runed translucent gate.
 20098 | D:13     | Found a runed translucent gate.
 20111 | D:13     | Noticed Rupert
 20122 | D:13     | Killed Rupert
 20398 | D:13     | Noticed Jorgrun
 20419 | D:13     | Killed Jorgrun
 20859 | D:13     | Gained mutation: You are vulnerable to cold. (rC-) [a
                  | shining eye]
 20996 | D:13     | Found a runed translucent gate.
 20996 | D:13     | Found a runed translucent gate.
 20998 | D:13     | Found a runed translucent gate.
 21006 | D:13     | Noticed a tentacled monstrosity
 21007 | D:13     | Noticed Kokhlaf's ghost (journeyman DECj)
 21007 | D:13     | Identified the +2 cloak "Fubywn" {Stlth+}
 21027 | D:13     | Lost mutation: You are partially covered in iridescent
                  | scales. (AC +2) [potion of mutation]
 21027 | D:13     | Lost mutation: You are vulnerable to heat. (rF-) [potion of
                  | mutation]
 21027 | D:13     | Lost mutation: You are vulnerable to cold. (rC-) [potion of
                  | mutation]
 21027 | D:13     | Gained mutation: Your spells are a little harder to cast,
                  | but a little more powerful. [potion of mutation]
 21056 | D:13     | Killed Kokhlaf's ghost
 21056 | D:13     | Killed a tentacled monstrosity
 21508 | D:14     | Found a gate to the Vaults.
 21526 | D:14     | Reached XP level 16. HP: 132/134 MP: 27/34
 22480 | Swamp:1  | Entered Level 1 of the Swamp
 23100 | Swamp:1  | Found a runed translucent door.
 23212 | Swamp:1  | Noticed PanSaczeczos's ghost (adept SpHs)
 23225 | Swamp:1  | Noticed a thorn hunter
 23231 | Swamp:1  | Killed PanSaczeczos's ghost
 23254 | Swamp:1  | Killed a thorn hunter
 23407 | Swamp:1  | Noticed a tentacled monstrosity
 23437 | Swamp:1  | Killed a tentacled monstrosity
 23907 | Swamp:2  | Found a runed translucent gate.
 23907 | Swamp:2  | Found a runed translucent gate.
 23908 | Swamp:2  | Found a runed translucent gate.
 23909 | Swamp:2  | Noticed Amet's ghost (journeyman MiBe)
 23909 | Swamp:2  | Identified the Notes on the Inferno and Fascination
 24287 | Swamp:2  | Learned a level 3 spell: Call Canine Familiar
 24355 | Swamp:2  | Killed Amet's ghost
 25461 | Swamp:4  | Entered Level 4 of the Swamp
 25507 | Swamp:4  | Noticed a fenstrider witch
 25520 | Swamp:4  | Killed a fenstrider witch
 25521 | Swamp:4  | Reached skill level 10 in Hexes
 25521 | Swamp:4  | Reached skill level 10 in Summonings
 25521 | Swamp:4  | Reached skill level 10 in Necromancy
 25521 | Swamp:4  | Reached skill level 10 in Translocations
 25521 | Swamp:4  | Reached skill level 10 in Transmutations
 25521 | Swamp:4  | Reached skill level 10 in Fire Magic
 25521 | Swamp:4  | Reached skill level 10 in Ice Magic
 25521 | Swamp:4  | Reached skill level 10 in Air Magic
 25521 | Swamp:4  | Reached skill level 10 in Earth Magic
 25521 | Swamp:4  | Reached skill level 10 in Poison Magic
 25556 | Swamp:4  | Noticed a fenstrider witch
 25564 | Swamp:4  | Killed a fenstrider witch
 25710 | Swamp:4  | Reached XP level 17. HP: 143/143 MP: 27/36
 26063 | Swamp:4  | Found a runed translucent gate.
 26231 | Swamp:4  | Found a runed translucent gate.
 26232 | Swamp:4  | Found a runed translucent gate.
 26235 | Swamp:4  | Noticed Ypsiuj's ghost (adept GnSk)
 26235 | Swamp:4  | Noticed Ecsuri's ghost (adept DEFE)
 26235 | Swamp:4  | Noticed Ykec Esm's ghost (journeyman DrWn)
 26235 | Swamp:4  | Noticed PanSaczeczos's ghost (adept SpEE)
 26237 | Swamp:4  | Noticed reggie's ghost (journeyman DrHW)
 26901 | Swamp:4  | Got a decaying rune of Zot
 27576 | Lair:1   | Reached ****** piety under Ashenzari
 27629 | Spider:1 | Entered Level 1 of the Spider Nest
 28842 | Spider:2 | Learned a level 4 spell: Animate Dead
 29908 | Spider:3 | Reached XP level 18. HP: 77/153 MP: 11/39
 30419 | Spider:3 | Identified the +12 hand axe of an ossuary {flame, Contam
                  | rC+ Int+2}
 31052 | Spider:4 | Entered Level 4 of the Spider Nest
 31322 | Spider:4 | Identified the +6 falchion of the Hierophant {heavy, Str+4}
 31806 | Spider:4 | Noticed Arachne
 32001 | Spider:4 | Killed Arachne
 32132 | Spider:4 | Identified the +5 ring mail "Hamunaub" {rElec rF+}
 32220 | Spider:4 | Paralysed by a jorogumo for 2 turns
 32419 | Spider:4 | Got a gossamer rune of Zot
 33033 | Spider:4 | Paralysed by a jorogumo for 1 turns
 33755 | D:15     | Entered Level 15 of the Dungeon
 34276 | D:15     | Found a staircase to the Depths.
 34452 | D:15     | Reached XP level 19. HP: 161/161 MP: 40/40
 34714 | Vaults:1 | Entered Level 1 of the Vaults
 35158 | Vaults:1 | Identified the +0 robe of Ru, Hurting {rC+}
 35374 | Vaults:1 | Found the +2 shield of Resistance {rF++ rC++ Will++}
 36223 | Vaults:1 | Reached skill level 15 in Short Blades
 36458 | Vaults:1 | Learned a level 6 spell: Statue Form
 37211 | Vaults:2 | Identified the cursed +0 pair of boots of the Wild Blue
                  | Yonder {Fort, Alch} (You found it on level 4 of the
                  | Dungeon)
 37340 | Vaults:2 | Reached skill level 15 in Invocations
 37638 | Vaults:2 | Found a staircase to the Crypt.
 37722 | Vaults:2 | Identified the cursed +2 pair of gloves of Star-Bound
                  | Wisdom {Bglg, Self} (You found it on level 15 of the
                  | Dungeon)
 38410 | Vaults:3 | Reached XP level 20. HP: 167/170 MP: 16/41
 39198 | Vaults:3 | Reached skill level 15 in Spellcasting
 40076 | Vaults:4 | Reached skill level 15 in Fighting
 40076 | Vaults:4 | Reached skill level 15 in Dodging
 40163 | Vaults:4 | Found a magical portal.
 40173 | WizLab   | Entered Cigotuvi's Fleshworks
 40545 | WizLab   | Found the -2 hat of the Alchemist {rElec rPois rF+ rC+ rN+
                  | Will+ rMut rCorr}
 40969 | WizLab   | Identified Cigotuvi's Omnibus of Forms
 41362 | Vaults:4 | Identified the +0 flail of Duin {antimagic, rElec rCorr
                  | Int+4 Dex-4}
 41545 | Vaults:4 | Reached XP level 21. HP: 174/174 MP: 42/42
 42286 | Vaults:4 | Found Amauruogui's Distillery.
 42290 | Vaults:4 | Bought a potion of heal wounds for 90 gold pieces
 42290 | Vaults:4 | Bought a potion of curing for 54 gold pieces
 42290 | Vaults:4 | Bought a potion of cancellation for 144 gold pieces
 42916 | Vaults:5 | Entered Level 5 of the Vaults
 42931 | Vaults:5 | Reached skill level 15 in Long Blades
 42931 | Vaults:5 | Reached skill level 15 in Axes
 42931 | Vaults:5 | Reached skill level 15 in Maces & Flails
 42931 | Vaults:5 | Reached skill level 15 in Polearms
 42931 | Vaults:5 | Reached skill level 15 in Staves
 42931 | Vaults:5 | Reached skill level 15 in Ranged Weapons
 42931 | Vaults:5 | Reached skill level 15 in Throwing
 42931 | Vaults:5 | Reached skill level 15 in Armour
 42931 | Vaults:5 | Reached skill level 15 in Stealth
 42931 | Vaults:5 | Reached skill level 15 in Shields
 42931 | Vaults:5 | Reached skill level 15 in Unarmed Combat
 42931 | Vaults:5 | Reached skill level 15 in Evocations
 42940 | Vaults:5 | Noticed a dread lich
 42971 | Vaults:5 | Killed a dread lich
 42997 | Vaults:5 | Noticed a dread lich
 43020 | Vaults:5 | Noticed Saint Roka
 43041 | Vaults:5 | Killed Saint Roka
 43048 | Vaults:5 | Your ally Saint Roka died
 43087 | Vaults:5 | Lost mutation: You occasionally lose the ability to read
                  | scrolls when taking damage. [potion of mutation]
 43087 | Vaults:5 | Lost mutation: Your spells are a little harder to cast, but
                  | a little more powerful. [potion of mutation]
 43087 | Vaults:5 | Gained mutation: Your flesh is cold resistant. (rC+)
                  | [potion of mutation]
 43087 | Vaults:5 | Lost mutation: Your flesh is cold resistant. (rC+) [potion
                  | of mutation]
 43087 | Vaults:5 | Gained mutation: You are agile. (Dex +4, Str/Int -1)
                  | [potion of mutation]
 43113 | Vaults:5 | Noticed a golden dragon
 43119 | Vaults:5 | Noticed a golden dragon
 43119 | Vaults:5 | Identified the +7 chain mail of Too Many Cooks {+Inv Str+2}
 43240 | Vaults:5 | Noticed an ancient lich
 43261 | Vaults:5 | Killed an ancient lich
 43436 | Vaults:5 | Reached XP level 22. HP: 157/164 MP: 36/45
 43545 | Vaults:5 | Identified the staff of earth "Inykkont" {rF++ rN+}
 43669 | Vaults:5 | Killed a dread lich
 43760 | Vaults:5 | Noticed a shard shrike
 43774 | Vaults:5 | a rockslime changed into a shard shrike
 43774 | Vaults:5 | Noticed a shard shrike (glowing shapeshifter)
 43788 | Vaults:5 | Killed a shard shrike
 43949 | Vaults:5 | Noticed Bai Suzhen
 44000 | Vaults:5 | Killed Bai Suzhen
 44238 | Vaults:5 | Identified the +4 ring mail "Peirutrorch" {Contam MP+9
                  | Int+7}
 44249 | Vaults:5 | Killed a golden dragon
 44256 | Vaults:5 | Identified the +0 ring mail of Juitubb {Regen+}
 44868 | Vaults:5 | Killed a golden dragon
 45173 | Vaults:5 | Identified the +4 chain mail "Ycayff" {Int+4}
 45227 | Vaults:5 | Got a silver rune of Zot
 45947 | Crypt:1  | Entered Level 1 of the Crypt
 46075 | Depths:1 | Entered Level 1 of the Depths
 46121 | Depths:1 | Found Geun's Jewellery Emporium.
 46123 | Depths:1 | Found Rahef's Antique Armour Shoppe.
 46125 | Depths:1 | Found Eloamoq's Book Emporium.
 46129 | Depths:1 | Bought the ring "Uwaosec" {rPois rF+ EV+5 Int+2} for 992
                  | gold pieces
 46133 | Depths:1 | Bought a manual of Long Blades for 1600 gold pieces
 46133 | Depths:1 | Bought the Opusculum on Spectres and Ice for 1000 gold
                  | pieces
 46214 | Depths:1 | Found a gateway to Hell.
 46232 | Depths:1 | Found a one-way gateway to a ziggurat.
 46249 | Depths:1 | Found Vampuawk's Book Emporium.
 46383 | Depths:1 | Found an iron altar of Okawaru.
 46530 | Depths:1 | Reached XP level 23. HP: 188/192 MP: 14/45
 46690 | Depths:1 | Found Ifuc's Book Shoppe.
 46780 | Depths:1 | Learned a level 7 spell: Dragon Form
 47212 | Depths:2 | Found a one-way gate leading to the halls of Pandemonium.
 47296 | Depths:1 | Identified the cursed +2 pair of boots of Ashenzari's
                  | Augurer {Melee, Fort} (You found it on level 5 of the
                  | Vaults)
 47394 | Depths:1 | Identified the cursed +5 rapier of the Esoteric Fallacy
                  | {elec, Alch, Bglg} (You found it on level 10 of the
                  | Dungeon)
 47394 | Depths:1 | Identified the cursed +2 helmet of the Mantic Sky {Int+3,
                  | Fort, Alch} (You found it on level 5 of the Lair of Beasts)
 48188 | Depths:2 | Mangled by a spriggan defender

Illustrated notes

Levels and vault maps discovered:
D:1:      elethiomel_arrival_infinity_welcomes_careful_drivers, layout_basic,
          dreamdust_ecumenical_altar_hidden_monk_grotto, serial_bayou_ford_a
D:2:      layout_basic
D:3:      layout_basic, mainiacjoe_overflow_alcove_2, zin_purify,
          nicolae_kikubaaqudgha_miasma_corner, trog_three_pillars_becter,
          gammafunk_ghost_gnarly_gnolls
D:4:      minmay_chambers_of_threes, layout_loops_cross,
          mainiacjoe_overflow_catwalk, nicolae_overflow_hidden_temple,
          temple_statues, uniq_sigmund
D:5:      minmay_recursive_quarters, layout_gridville,
          mainiacjoe_overflow_tiny_flanked, uniq_pikel
D:6:      layout_rooms, kennysheep_flooded_box
D:7:      layout_layer_cave, kennysheep_slug_shrine, enter_bailey_2,
          minmay_shop_chei, uniq_prince_ribbit1
D:8:      layout_basic, st_stairs_7
D:9:      layout_basic, nicolae_qazlal_scattered_showers,
          mainiacjoe_overflow_two_lobes, nicolae_elevator_lobby_asterisk
D:10:     minmay_the_grid_3x2 [minmay_the_grid_empty, minmay_the_grid_slots,
          minmay_the_grid_outer_circle, minmay_the_grid_pillar_ring,
          minmay_the_grid_gridbox, minmay_the_grid_prize_diamond_cup],
          layout_loops_ring, marbit_many_paths, nicolae_vehumet_radiance,
          serial_glass, glass_columns_a, glass_columns_b
D:11:     layout_basic
D:12:     layout_roguey [special_room_bee], uniq_gastronok, uniq_nessos
D:13:     layout_roguey, ploomutoo_gammafunk_ghost_potion_laboratory,
          grunt_ministairs_1, uniq_frances, uniq_urug, uniq_rupert, uniq_jorgrun
D:14:     layout_loops_ring, erik_vaults_2, grunt_decor_junction,
          kennysheep_cross_room
D:15:     hangedman_depths_entry_civil_slaughter, layout_rooms,
          interstate_on_off, serial_park_tiny_2
Lair:1:   layout_long_grid, grunt_megastairs_5
Lair:2:   kb_forest_paths, layout_chaotic_city, serial_bayou_lagoon_b
Lair:3:   layout_gridlike, minmay_swamp_entry_worms,
          nicolae_spider_entry_non_spiders, lemuel_oklob_altar
Lair:4:   layout_layer_cave, slime_entry_1
Lair:5:   hangedman_lair_in_review, layout_hall_layers, wormcave
Swamp:1:  cheibrodos_swamp_monstrosity, layout_basic_swamp,
          ebering_ghost_inner_flame, evilmike_swamp_ruin_house_3,
          nicolae_swamp_stuck_in_the_mud
Swamp:2:  layout_basic_swamp, gammafunk_ghost_necromancy,
          evilmike_swamp_ruin_house_4
Swamp:3:  layout_basic_swamp, nicolae_swamp_well_well_well
Swamp:4:  swamp_fiery, layout_basic_swamp, gammafunk_ghost_cemetery
Spider:1: layout_spider_delve
Spider:2: layout_spider_delve
Spider:3: layout_spider_delve, special_room, hangedman_spider_tarantella_strand
Spider:4: johnstein_spider_rune_arachne_lair, guppyfry_spider_mini_1
Vaults:1: grunt_vaults_funnel, ontoclasm_vaults_shout, nicolae_vaults_prndl,
          v_pattern_1, v_rooms_4, nicolae_vaults_weapon_check,
          layout_vaults_big_room
Vaults:2: minmay_crypt_entry_simple_statues, nicolae_vaults_tetromino_Z_1,
          nicolae_vaults_doubleplus_tesselated, nicolae_vaults_yaktaur_gun_rack,
          nicolae_vaults_circle_grid_a, nicolae_vaults_little_guard_posts,
          dpeg_vaults_monster_box, vaults_dpeg_emergency_exit,
          nicolae_vaults_variable_pillar_hall, nicolae_vaults_hexular_roomagon,
          nicolae_vaults_tangram_1, layout_vaults_omnigrid
Vaults:3: nicolae_vaults_off_center_swirl, v_misc_29,
          nicolae_vaults_shrinking_rooms_1, grunt_vaults_trifunnel,
          vaults_room_corners, v_misc_5, nicolae_vaults_asterisk,
          ontoclasm_vaults_chip, vaults_mumra_chevron, vaults_mumra_lcd,
          nicolae_vaults_trapezoid_3, nicolae_vaults_trapezoid_4,
          layout_vaults_omnibox
Vaults:4: infiniplex_enter_wizlab_water, nicolae_vaults_rhombus_6,
          ontoclasm_vaults_chip, nicolae_vaults_steering_wheel, st_octagons_2,
          nicolae_vaults_double_plus_2, nicolae_vaults_ninety_degrees,
          ontoclasm_vaults_twist, nicolae_vaults_double_plus_3,
          nicolae_vaults_little_ls, nicolae_vaults_little_squares_2,
          vaults_room_corners, layout_vaults_big_cross, serial_shops,
          nicolae_shop_back_alley_shop
Vaults:5: uniq_bai_suzhen, uniq_saint_roka
Crypt:1:  layout_misc_corridors, grunt_megastairs_1, grunt_crypt_arrival_split,
          uniq_boris
Depths:1: layout_gridlike, enter_ziggurat_d, hell_entry,
          chequers_decorated_corner, serial_shops, shop_coins, shop,
          okawaru_trees_1, minmay_shop_star
Depths:2: kennysheep_water_balloons, layout_cave_pools, pan_entry,
          hangedman_geh_valley, abyss_entry_small_statue_room,
          chequers_serial_rivers_room_b, minmay_variable_closet

Skill      XL: |  1  2  3  4  5  6  7  8  9 10 11 12 13 14 15 16 17 18 19 20 21 22 23 |
---------------+----------------------------------------------------------------------+-----
Spellcasting   | 5 6 7 8 9 10 11 12 13 14 15 16 | 16.9
Invocations    | 1 5 7 8 9 10 11 12 13 14 15 16 17 | 17.6
Long Blades    | 1 4 5 6 7 8 9 10 11 12 13 14 15 16 | 16.6
Axes           | 1 4 5 6 7 8 9 10 11 12 13 14 15 16 | 16.2
Maces & Flails | 1 4 5 6 7 8 9 10 11 12 13 14 15 16 | 16.2
Polearms       | 1 4 5 6 7 8 9 10 11 12 13 14 15 16 | 16.2
Staves         | 1 4 5 6 7 8 9 10 11 12 13 14 15 16 | 16.2
Ranged Weapons | 1 4 5 6 7 8 9 10 11 12 13 14 15 16 | 16.2
Throwing       | 1 4 5 6 7 8 9 10 11 12 13 14 15 16 | 16.2
Armour         | 1 4 5 6 7 8 9 10 11 12 13 14 15 16 | 16.2
Stealth        | 1 4 5 6 7 8 9 10 11 12 13 14 15 16 17 | 17.0
Shields        | 1 4 5 6 7 8 9 10 11 12 13 14 15 16 | 16.2
Unarmed Combat | 1 4 5 6 7 8 9 10 11 12 13 14 15 16 | 16.2
Evocations     | 1 4 5 6 7 8 9 10 11 12 13 14 15 16 | 16.2
Hexes          | 1 3 4 5 6 7 8 9 10 11 12 13 | 13.8
Summonings     | 1 3 4 5 6 7 8 9 10 11 12 13 | 13.8
Necromancy     | 1 3 4 5 6 7 8 9 10 11 12 13 | 13.8
Translocations | 1 3 4 5 6 7 8 9 10 11 12 13 | 13.8
Transmutations | 1 3 4 5 6 7 8 9 10 11 12 13 | 13.8
Fire Magic     | 1 3 4 5 6 7 8 9 10 11 12 13 | 13.8
Ice Magic      | 1 3 4 5 6 7 8 9 10 11 12 13 | 13.8
Air Magic      | 1 3 4 5 6 7 8 9 10 11 12 13 | 13.8
Earth Magic    | 1 3 4 5 6 7 8 9 10 11 12 13 | 13.8
Poison Magic   | 1 3 4 5 6 7 8 9 10 11 12 13 | 13.8
Fighting       | 6 7 8 9 10 11 12 13 14 15 16 | 16.8
Short Blades   | 8 9 10 11 12 13 14 15 16 17 | 17.3
Dodging        | 6 7 8 9 10 11 12 13 14 15 16 | 16.8
Conjurations   | 6 7 8 9 10 11 12 13 14 | 14.8

Action                     |  1- 3 |  4- 6 |  7- 9 | 10-12 | 13-15 | 16-18 | 19-21 | 22-24 || total
---------------------------+-------+-------+-------+-------+-------+-------+-------+-------++-------
  Melee: Short sword       |   178 |   147 |       |       |       |       |       |       ||   325
         Bite              |    16 |    25 |    10 |    43 |    85 |   148 |   186 |   164 ||   677
         Punch             |       |     4 |     6 |    28 |    65 |     8 |       |     6 ||   117
         Dagger            |       |    39 |   150 |   401 |   240 |       |       |       ||   830
         Rapier            |       |       |       |       |   351 |   913 |  1031 |   700 ||  2995
         Unarmed           |       |       |       |       |       |       |       |    50 ||    50
         Tailslap          |       |       |       |       |       |       |       |    12 ||    12
  Throw: Boomerang         |       |       |     3 |     2 |     1 |     5 |       |     2 ||    13
   Cast: Momentum Strike   |     3 |     1 |     5 |     3 |     3 |     1 |       |       ||    16
         Kiss of Death     |       |     2 |     1 |     2 |       |       |     2 |       ||     7
         Ensorcelled Hiber |       |     9 |    17 |    70 |   119 |   134 |    95 |    34 ||   478
         Hailstorm         |       |       |    11 |    25 |     8 |    11 |     4 |     6 ||    65
         Sting             |       |       |       |    13 |     2 |       |       |       ||    15
         Ignite Poison     |       |       |       |     4 |     2 |       |     2 |     2 ||    10
         Freezing Cloud    |       |       |       |    11 |    65 |    99 |    82 |    28 ||   285
         Airstrike         |       |       |       |       |    31 |    45 |     8 |     5 ||    89
         Passwall          |       |       |       |       |     1 |       |       |       ||     1
         Summon Lightning  |       |       |       |       |    11 |    46 |    29 |    14 ||   100
         Call Canine Famil |       |       |       |       |       |     9 |     3 |     3 ||    15
         Animate Dead      |       |       |       |       |       |     7 |    12 |     3 ||    22
         Swiftness         |       |       |       |       |       |     1 |     1 |       ||     2
         Tukima's Dance    |       |       |       |       |       |       |    11 |     4 ||    15
         Statue Form       |       |       |       |       |       |       |     8 |    10 ||    18
         Dragon Form       |       |       |       |       |       |       |       |     4 ||     4
 Invoke: Curse Item        |     1 |     2 |     2 |     3 |     4 |     3 |     2 |     1 ||    18
         Shatter the Chain |       |       |     1 |     1 |     3 |     2 |     1 |     1 ||     9
Ability: Breathe Fire      |       |       |       |       |       |       |       |     5 ||     5
  Evoke: Lightning rod     |       |       |       |       |     8 |    10 |     7 |       ||    25
         Wand              |       |       |       |       |     4 |    11 |     8 |     4 ||    27
         Condenser vane    |       |       |       |       |       |     2 |     2 |     1 ||     5
    Use: Potion            |       |     1 |     2 |    10 |     3 |     1 |    21 |     4 ||    42
         Scroll            |       |       |     2 |     5 |     2 |     4 |    11 |     4 ||    28
   Stab: Sleeping          |       |     7 |    12 |    49 |    78 |   105 |   102 |    22 ||   375
         Distracted        |       |       |       |     1 |     4 |    12 |    20 |     9 ||    46
         Held in net/web   |       |       |       |       |       |     1 |       |       ||     1
 Armour: Leather armour    |    41 |    40 |    53 |       |       |       |       |       ||   134
         Chain mail        |     6 |       |       |       |       |       |       |       ||     6
         Ring mail         |       |       |       |   122 |   157 |   455 |   229 |    73 ||  1036
         Skin              |       |       |       |       |       |       |    71 |   234 ||   305
  Dodge: Dodged            |    98 |    95 |   132 |   216 |   323 |   686 |   450 |   622 ||  2622
         Repelled          |       |       |       |       |     2 |       |       |       ||     2
  Block: Buckler           |       |       |       |       |       |   378 |    40 |       ||   418
         Kite shield       |       |       |       |       |       |       |   655 |   606 ||  1261
